AoeStats
← Bz_

African Clearing

510514715Analyzed
4v4 RM · 2d ago on Oct 1, 2026· 27m 43s· 8 players
Game mode
Random Map
Map size
Large (8 player)
Population
200
Speed
Normal
Resources
Standard
Victory
Conquest
Starting age
Dark Age
Ending age
Imperial Age
RankedLock teamsTeams togetherTeam positionsShared explorationLock speedFull tech treeHidden civsTurbo modeCheats
Victory
Defeat
🇨🇳 Persians · China
1527
+11
🇨🇳 Berbers · China
1457
+13
🇨🇳 Mongols · China
1410
+15
🇨🇳 Magyars · China
1290
+20
🇫🇮 Jurchens · Finland
1416
-16
🇫🇮 Vikings · Finland
1408
-15
🇹🇼 Varangians · Taiwan
1398
-15
🇦🇷 Mongols · Argentina
1352
-13
ALmotema
3:34 Loom
15:30 Feudal Age
16:17 Double-Bit Axe
19:20 Castle Age
18:03 Gold Mining
19:16 Scale Barding Armor
21:44 Town Watch
22:52 Fishing Lines
23:20 Horse Collar
25:24 Chain Barding Armor
25:47 Gillnets
26:39 Bloodlines
27:41 Forging
Yasuo, the Unforgiven
11:47 Loom
13:42 Feudal Age
11:58 Loom
15:57 Double-Bit Axe
19:34 Castle Age
18:38 Bloodlines
20:35 Horse Collar
25:03 Scale Barding Armor
felixaleman1010
10:41 Loom
13:21 Feudal Age
cro55b0w
6:36 Loom
13:07 Feudal Age
13:20 Man-at-Arms
15:21 Double-Bit Axe
23:11 Fletching
28:23 Castle Age
26:06 Horse Collar
26:32 Gold Mining
Bz_
10:04 Loom
12:16 Feudal Age
12:55 Double-Bit Axe
16:15 Bloodlines
21:00 Castle Age
20:18 Scale Barding Armor
20:54 Forging
21:13 Light Cavalry
22:45 Husbandry
XHK
8:51 Loom
11:59 Feudal Age
13:03 Double-Bit Axe
16:37 Fletching
18:02 Horse Collar
27:53 Castle Age
26:57 Stone Mining
农夫累
9:10 Loom
12:45 Feudal Age
16:59 Castle Age
15:37 Double-Bit Axe
16:46 Gold Mining
22:02 Fletching
23:56 Bodkin Arrow
24:02 Padded Archer Armor
26:18 Wheelbarrow
27:20 Bow Saw
27:59 Ballistics
XZ
3:54 Loom
12:28 Feudal Age
12:56 Double-Bit Axe
15:58 Scale Barding Armor
17:29 Wheelbarrow
20:06 Bloodlines
25:03 Castle Age
25:04 Light Cavalry
25:47 Husbandry
26:08 Chain Barding Armor
Connection lost

Rejoining the realm…

Still unreachable

The connection could not be restored.

Session expired

The server has moved on; the page needs a fresh start.